 Dungeon Crawl Stone Soup version 0.24-a0-48-g0ecae65 (webtiles) character file.

Game seed: 9928528094882280973

3527 Lanoc the Cleaver (level 10, -2/73 HPs)
             Began as an Octopode Berserker on Feb 3, 2019.
             Was an Elder of Trog.
             Killed from afar by an orc wizard (10 damage)
             ... with a magic dart
             ... on level 8 of the Dungeon.
             The game lasted 00:13:56 (6485 turns).

Lanoc the Cleaver (Octopode Berserker)              Turns: 6485, Time: 00:13:56

Health: -2/73      AC:  1    Str: 19    XL:     10   Next: 8%
Magic:  10/10      EV: 17    Int: 11    God:    Trog [****..]
Gold:   366        SH:  0    Dex: 11    Spells: 9/9 levels left

rFire    . . .     SeeInvis +   a - +0 hand axe
rCold    . . .     Gourm    .   (no shield)
rNeg     . . .     Faith    .   (helmet restricted)
rPois    .         Spirit   .   (no amulet)
rElec    .         Reflect  .   t - ring of see invisible
rCorr    .         Harm     .   (no ring)
MR       .....                  (no ring)
Stlth    ++........             (no ring)
HPRegen  0.22/turn              (no ring)
MPRegen  0.12/turn              (no ring)
                                (no ring)
                                (no ring)

@: confused, berserk cooldown
A: almost no armour, stealthy swim, amphibious, 8 rings, constrict 8, camouflage
1, gelatinous body 1
a: Berserk, Trog's Hand, Brothers in Arms, Renounce Religion


You were on level 8 of the Dungeon.
You worshipped Trog.
Trog was greatly pleased with you.
You were not hungry.

You visited 2 branches of the dungeon, and saw 9 of its levels.
You also visited: Sewer.

You collected 366 gold pieces.

Inventory:

Hand Weapons
 a - a +0 hand axe (weapon)
 m - a cursed +2 hand axe
Jewellery
 t - a ring of see invisible (left tentacle)
Wands
 l - a wand of iceblast (12)
 r - a wand of flame (1)
Scrolls
 g - 4 scrolls of teleportation
 h - a scroll of enchant weapon {unknown}
 i - a scroll of random uselessness {unknown}
 o - 3 scrolls of remove curse
 p - 3 scrolls of amnesia {unknown}
 v - a scroll of brand weapon {unknown}
 x - 3 scrolls of noise {unknown}
Potions
 c - a potion of berserk rage {unknown}
 d - a potion of magic {unknown}
 e - 2 potions of degeneration {unknown}
 f - 2 potions of brilliance
 n - 2 potions of flight
 q - 2 potions of mutation
 s - a potion of cancellation
 u - 2 potions of invisibility
Miscellaneous
 w - a box of beasts
Comestibles
 b - 11 rations


   Skills:
 + Level 8.8 Fighting
 * Level 11.8 Axes
 + Level 8.9 Dodging


You had 9 spell levels left.
You didn't know any spells.
Your spell library contained the following spells:

 Spells                   Type           Power        Failure   Level  Hunger
 Corona                   Hex            #......      34%         1    ##.....
 Slow                     Hex            #.......     47%         2    ###....
 Inner Flame              Hex/Fire       #.......     71%         3    ####...
 Portal Projectile        Hex/Tloc       #.....       71%         3    ####...
 Cause Fear               Hex            #.........   98%         4    #####..
 Leda's Liquefaction      Hex/Erth       #.........   98%         4    #####..


Dungeon Overview and Level Annotations

Branches:
Dungeon (8/15)             Temple (1/1) D:4
   Lair: D:8-11

Altars:
Ashenzari
Cheibriados
Dithmenos
Elyvilon
Hepliaklqana
Makhleb
Nemelex Xobeh
Okawaru
Qazlal
Ru
Sif Muna
Trog
Uskayaw
Vehumet
Wu Jian
Xom
Yredelemnul
The Shining One

Shops:
D:4 [   D:7 (

Annotations:
D:6 exclusion: oklob plant


Innate Abilities, Weirdness & Mutations

You cannot wear most types of armour.
You are very stealthy in the water. (Stealth+)
You are amphibious.
You can wear up to eight rings at the same time.
You can use your tentacles to constrict eight enemies at once.
Your skin changes colour to match your surroundings (Stealth+).
Your rubbery body absorbs attacks. (AC +1, EV +1)


Message History

The orc wizard misses you.
You eat one of the 12 rations.
That ration really hit the spot!
You feel yourself speed up.
The orc wizard hits you with a +0 dagger.
* * * LOW HITPOINT WARNING * * *
The hungry ghost barely misses you. The orc wizard closely misses you.
The hungry ghost closely misses you.
You feel better.
The orc wizard hits you with a +0 dagger.
* * * LOW HITPOINT WARNING * * *
The hungry ghost hits you.
* * * LOW HITPOINT WARNING * * *
You feel a lot more hungry.
The orc wizard casts a spell.
The orc wizard blinks!
You are confused.
You feel invigorated.
The orc wizard gestures at you while chanting.
The magic dart hits you!
You die...

##..(.....#.#.
##...........
##.........$
##.........
###........
##......#.#.
###.)..o.##
##)#)))....#
#@.)..........
#W)...........
#)............#
#......##.....##
...............#
.o.......##.....
..####.....# ##.
. .......
....!...


You could see a hungry ghost and an orc wizard.

Vanquished Creatures
  A hippogriff (D:7)
  Sigmund (D:5)
  Eustachio (D:4)
  2 orc warriors
  A sky beast (D:7)
  3 ogres
  A big kobold (D:7)
  2 bullfrogs
  A scorpion (D:5)
  2 wyvern skeletons
  5 killer bees (D:7)
  5 wights (D:7)
  5 howler monkeys (D:7)
  3 crimson imps
  A jelly (D:8)
  A bullfrog skeleton (D:4)
  11 orc priests
  2 hounds
  4 orc wizards
  An iguana (D:6)
  3 worker ants
  12 adders
  A river rat (D:6)
  2 shadow imps (D:6)
  2 oozes
  3 adder skeletons
  An adder zombie (D:5)
  5 worms
  4 dart slugs
  14 leopard geckos
  27 orcs
  3 giant cockroaches
  5 goblins
  7 hobgoblins
  2 jackals (D:2)
  6 kobolds
  5 quokkas
  3 ball pythons
  4 bats
  7 frilled lizards
  A quokka skeleton (D:6)
  5 rats
175 creatures vanquished.

Notes
Turn   | Place    | Note
-------+----------+-------------------------------------------
     0 | D:1      | Lanoc the Octopode Berserker began the quest for the Orb.
     0 | D:1      | Reached XP level 1. HP: 16/16 MP: 1/1
   233 | D:1      | Reached XP level 2. HP: 16/21 MP: 2/2
   651 | D:2      | Reached XP level 3. HP: 19/26 MP: 3/3
   871 | D:2      | Reached ** piety under Trog
   880 | D:2      | Found a sacrificial altar of Ru.
   909 | D:2      | Reached XP level 4. HP: 26/31 MP: 4/4
   977 | D:2      | Reached skill level 4 in Axes
  1034 | D:2      | Found a sparkling altar of Nemelex Xobeh.
  1370 | D:3      | Noticed an ogre
  1376 | D:3      | Killed an ogre
  1376 | D:3      | Reached XP level 5. HP: 37/37 MP: 5/5
  1594 | D:4      | Noticed Eustachio
  1601 | D:4      | Killed Eustachio
  1601 | D:4      | Reached skill level 5 in Axes
  1601 | D:4      | Reached XP level 6. HP: 44/44 MP: 6/6
  1628 | D:4      | Found Ogheefepp's Antique Armour Boutique.
  1708 | D:4      | Found a radiant altar of Vehumet.
  1709 | D:4      | Found a burning altar of Makhleb.
  1787 | D:4      | Found a staircase to the Ecumenical Temple.
  1806 | Temple   | Entered the Ecumenical Temple
  1960 | D:4      | Reached XP level 7. HP: 43/49 MP: 7/7
  1985 | D:4      | Reached skill level 6 in Axes
  2057 | D:4      | Found a basalt altar of Yredelemnul.
  2062 | D:4      | Found a shattered altar of Ashenzari.
  2065 | D:4      | Found a hazy altar of Hepliaklqana.
  2068 | D:4      | Found an ornate altar of the Wu Jian Council.
  2422 | D:5      | Entered Level 5 of the Dungeon
  2579 | D:5      | Reached skill level 10 in Axes
  2579 | D:5      | Reached XP level 8. HP: 61/61 MP: 8/8
  2785 | D:5      | Reached *** piety under Trog
  3038 | D:5      | Found a shadowy altar of Dithmenos.
  3122 | D:5      | Noticed Sigmund
  3129 | D:5      | Killed Sigmund
  3444 | D:6      | Found a glowing drain.
  3448 | Sewer    | Entered a sewer
  3715 | D:6      | Reached skill level 11 in Axes
  3719 | D:6      | Noticed an oklob plant
  3720 | D:6      | Found a shimmering altar of Xom.
  4057 | D:6      | Reached XP level 9. HP: 66/66 MP: 9/9
  4165 | D:6      | Reached **** piety under Trog
  6110 | D:7      | Found Gasuaral's Weapon Boutique.
  6438 | D:8      | Reached XP level 10. HP: 73/73 MP: 10/10
  6484 | D:8      | HP: 3/73 [hungry ghost (5)]
  6485 | D:8      | Killed from afar by an orc wizard

Vault maps used:
D:1:      dpeg_arrival_water_temple_mockup,
          hangedman_abyss_or_decor_lesser_grid, chequers_serial_rivers_room_a
D:2:      lemuel_round_altar, lemuel_coloured_pillars_altar
D:4:      grunt_temple_overflow_lords_of_destruction,
          grunt_temple_overflow_cloverleaf, minmay_temple_entry_ruins,
          serial_shops, shop, dk_vineyard_3, uniq_eustachio
D:5:      grunt_dithmenos_smoke_and_mirrors, first_ration, uniq_sigmund
D:6:      gup_sewer_entry_spiral, serial_bayou_pond_e, lemuel_oklob_altar
D:7:      serial_shops, shop
D:8:      grunt_temple_overflow_growth_and_decay, zin_purify,
          overflow_temple_1_default, the_bakery, bloody_makhleb,
          uniq_prince_ribbit1
Temple:   compressed_dpeg_triangle_lava_temple
Sewer:    sewer_frog_island_01

Skill      XL: |  1  2  3  4  5  6  7  8 |
---------------+-------------------------+-----
Axes           | 4 5 10 11 | 11.8
Fighting       | 4 8 |  8.8
Dodging        | 4 8 |  8.9

Action                   |  1- 3 |  4- 6 |  7- 9 | 10-12 || total
-------------------------+-------+-------+-------+-------++-------
Melee: Hand axe          |    50 |    59 |   258 |    30 ||   397
       Constrict         |    17 |    14 |    59 |     5 ||    95
       Tentacles         |    15 |    11 |    61 |     1 ||    88
Invok: Berserk           |     1 |     2 |    10 |       ||    13
  Use: Scroll            |       |       |    12 |       ||    12
       Potion            |       |       |     1 |     4 ||     5
 Stab: Sleeping          |     2 |     6 |     8 |       ||    16
       Distracted        |       |       |     1 |       ||     1
  Eat: Chunk             |       |     6 |    19 |     4 ||    29
       Ration            |       |       |     1 |     1 ||     2
Armor: Skin              |     3 |       |     2 |     1 ||     6
Dodge: Dodged            |    34 |    30 |   159 |    27 ||   250

Table legend:
 A = Non-vault XP
 B = Vault XP
 C = Vault XP percentage of total XP
 D = Non-vault monster count
 E = Vault monster count
 F = Vault count percentage of total count
                 A         B        C        D         E       F
            +---------+---------+-------+---------+---------+-------
      Total |    3657 |     654 |  15.2 |     147 |      28 |  16.0
            +---------+---------+-------+---------+---------+-------
        D:1 |      28 |       0 |   0.0 |      12 |       0 |   0.0
        D:2 |      64 |       0 |   0.0 |      18 |       0 |   0.0
        D:3 |     182 |       0 |   0.0 |      19 |       0 |   0.0
        D:4 |     236 |     243 |  50.7 |       7 |       2 |  22.2
        D:5 |     249 |     212 |  46.0 |      12 |       1 |   7.7
        D:6 |     564 |      33 |   5.5 |      22 |       8 |  26.7
        D:7 |    1855 |       0 |   0.0 |      44 |       0 |   0.0
        D:8 |     479 |       0 |   0.0 |      13 |       0 |   0.0
      Sewer |       0 |     166 | 100.0 |       0 |      17 | 100.0
            +---------+---------+-------+---------+---------+-------
